 Seeded DCSS version 0.31-a0-331-geda263fcf1 (webtiles) character file.

Game seed: 14215367866634240820 (custom seed)

105532 innerfire43 the Blocker (level 15, -1/117 HPs)
             Began as a Demonspawn Monk on July 19, 2023.
             Was the Champion of Qazlal.
             Slain by an azure jelly (6 damage)
             ... on level 4 of the Pits of Slime.
             The game lasted 00:41:57 (20431 turns).

innerfire43 the Blocker (Demonspawn Monk)          Turns: 20431, Time: 00:41:59

Health: -1/117     AC: 20    Str: 18    XL:     15   Next: 95%
Magic:  0/28       EV: 12    Int: 12    God:    Qazlal [******]
Gold:   1373       SH: 30    Dex: 16    Spells: 30/32 levels left

rFire   + + .        J - +5 broad axe (flame)
rCold   + + +        n - +0 kite shield "Deaxafynt" {rCorr Dex+2}
rNeg    . . .        l - +8 chain mail of the Onion {rF+ rC+ rCorr Str+2}
rPois   +            S - +0 hat {Stlth+}
rElec   .            P - scarf {rC+ rF+}
rCorr   +            (no gloves)
SInv    .            m - +0 pair of boots
Will    +....        W - amulet of guardian spirit Stlth
                     v - ring of flight
HPRegen 0.39/turn    s - ring of poison resistance
MPRegen 0.21/turn

%: repel missiles, guardian spirit
@: wereblooded, protected from cold, flying, corroded
A: horns 1, large bone plates 2, demonic guardian 3, icemail 2, condensation
shield, clumsy 1, screaming 1, weak 1, no potion heal 1, subdued magic 1
a: Renounce Religion, Upheaval, Elemental Force, Disaster Area


You were on level 4 of the Pits of Slime.
You worshipped Qazlal.
Qazlal was exalted by your worship.
You visited 4 branches of the dungeon, and saw 25 of its levels.
You also visited: Sewer.

You collected 1590 gold pieces.
You spent 217 gold pieces at shops.

Inventory:

Hand Weapons
 A - the +11 dire flail "Kyxtixt" {flame, rElec rPois rF+ Int-4}
   (You found it on level 4 of the Lair of Beasts)

   Int:       It affects your intelligence (-4).
   rF:        It protects you from fire.
   rElec:     It insulates you from electricity.
   rPois:     It protects you from poison.
 J - a +5 broad axe of flaming (weapon)
Missiles
 h - 9 silver javelins (quivered)
 U - 3 throwing nets
Armour
 d - an orb of light
 e - a +4 troll leather armour {Pargi}
 l - the +8 chain mail of the Onion (worn) {rF+ rC+ rCorr Str+2}
   (You found it on level 15 of the Dungeon)

   Str:       It affects your strength (+2).
   rF:        It protects you from fire.
   rC:        It protects you from cold.
   rCorr:     It protects you from acid and corrosion.
 m - a +0 pair of boots (worn)
 n - the +0 kite shield "Deaxafynt" (worn) {rCorr Dex+2}
   (You acquired it on level 7 of the Dungeon)

   Dex:       It affects your dexterity (+2).
   rCorr:     It protects you from acid and corrosion.
 P - a scarf of resistance (worn)
 S - a +0 hat of stealth (worn)
Jewellery
 c - a +4 ring of protection
 s - a ring of poison resistance (right hand)
 v - a ring of flight (left hand)
 H - a ring of see invisible
 W - an amulet of guardian spirit (around neck)
 X - an amulet of faith
 Y - an amulet of the acrobat
Talismans
 z - a talisman of death
 E - a serpent talisman
 R - a granite talisman
Wands
 k - a wand of flame (35)
 p - a wand of digging (2)
 t - a wand of roots (19)
 u - a wand of mindburst (19)
 w - a wand of polymorph (30)
 C - a wand of quicksilver (17)
 G - a wand of paralysis (34)
Scrolls
 b - a scroll of summoning
 f - a scroll of amnesia
 o - 3 scrolls of poison
 y - 2 scrolls of blinking
 I - 4 scrolls of fear
 L - 7 scrolls of teleportation
 O - 3 scrolls of revelation
 Z - 2 scrolls of enchant weapon
Potions
 a - 2 potions of magic
 g - 5 potions of curing
 i - 3 potions of brilliance
 j - a potion of cancellation
 q - 2 potions of berserk rage
 r - 6 potions of might
 x - a potion of lignification
 B - a potion of attraction
 F - 4 potions of haste
 M - 3 potions of ambrosia
 N - 3 potions of heal wounds
 Q - a potion of invisibility
 V - a potion of enlightenment
Miscellaneous
 D - a piece from Xom's chessboard (15/15)
 T - a lightning rod (4/4)


   Skills:
 * Level 10.7 Fighting
 + Level 12.0 Axes
 - Level 9.1 Armour
 - Level 11.1 Dodging
 + Level 12.1 Shields
 - Level 9.4 Spellcasting
 - Level 8.0 Transmutations
 * Level 3.8 Shapeshifting


You had 30 spell levels left.
You knew the following spells:

 Your Spells              Type           Power      Damage    Failure   Level
a - Wereblood             Tmut           19%        N/A       7%          2

Your spell library contained the following spells:

 Spells                   Type           Power      Damage    Failure   Level
 Passwall                 Tmut/Erth      9%         N/A       38%         2
 Apportation              Tloc           8%         N/A       82%         1
 Foxfire                  Conj/Fire      16%        2x1d4     82%         1
 Kiss of Death            Conj/Necr      16%        2d6       82%         1
 Necrotise                Necr           16%        1d4       82%         1
 Sandblast                Erth           8%         2d5       82%         1
 Summon Small Mammal      Summ           16%        N/A       82%         1
 Poisonous Vapours        Pois/Air       8%         N/A       92%         2
 Sublimation of Blood     Necr           4%         N/A       92%         2
 Petrify                  Tmut/Erth      11%        N/A       96%         4
 Confusing Touch          Hex            4%         N/A       99%         3
 Gell's Gravitas          Tloc           4%         N/A       99%         3
 Hailstorm                Conj/Ice       4%         3d4       99%         3
 Stone Arrow              Conj/Erth      8%         3d7       99%         3
 Teleport Other           Tloc           4%         N/A       99%         3
 Vhi's Electric Charge    Tloc/Air       8%         N/A       99%         3
 Dispel Undead            Necr           4%         3d7       100%        4
 Iskenderun's Mystic Bla  Conj/Tloc      4%         2d3       100%        4
 Summon Ice Beast         Ice/Summ       4%         N/A       100%        4
 Fireball                 Conj/Fire      2%         3d4       100%        5
 Freezing Cloud           Conj/Ice/Air   2%         6-21      100%        5
 Irradiate                Conj/Tmut      5%         3d13      100%        5
 Iskenderun's Battlesphe  Conj           4%         2d6       100%        5
 Summon Mana Viper        Hex/Summ       4%         N/A       100%        5
 Conjure Ball Lightning   Conj/Air       2%         3x3d6     100%        6
 Dispersal                Tloc           2%         N/A       100%        6
 Plasma Beam              Fire/Air       2%         2x1d12    100%        6
 Simulacrum               Ice/Necr       2%         N/A       100%        6
 Starburst                Conj/Fire      2%         6d3       100%        6
 Summon Cactus Giant      Summ           2%         N/A       100%        6
 Orb of Destruction       Conj           2%         9d5       100%        7
 Summon Hydra             Summ           2%         N/A       100%        7
 Chain Lightning          Conj/Air       2%         3d2       100%        9


Dungeon Overview and Level Annotations

Branches:
Dungeon (15/15)            Temple (1/1) D:7            Lair (5/5) D:9
  Swamp (0/4) Lair:2        Snake (0/4) Lair:3        Slime (4/5) Lair:4
    Orc (0/2) D:9          Vaults (0/5) D:13         Depths (0/4) D:15
  Sewer (visited)

Altars:
Ashenzari
Cheibriados
Dithmenos
Fedhas
Gozag
Hepliaklqana
Kikubaaqudgha
Makhleb
Nemelex Xobeh
Okawaru
Qazlal
Ru
Sif Muna
Trog
Uskayaw
Vehumet
Wu Jian
Xom
Yredelemnul

Shops:
D:4 [   D:5 *   D:7 *   D:9 !

Portals:
Trove: D:15 (give +3 gold dragon scales)


Innate Abilities, Weirdness & Mutations

You have a pair of small horns on your head.
You are mostly covered in large bone plates. (SH +6)
A powerful demonic guardian rushes to your aid.
A meltable icy envelope protects you from harm. (AC +8)
A meltable shield of frost defends you. (SH +4)
You are clumsy. (Dex -2)
You occasionally shout uncontrollably at your foes.
You are weak. (Str -2)
Potions are less effective at restoring your health.
Your spells are a little easier to cast, but a little less powerful.


Message History

The azure jelly hits you but does no damage.
You block the azure jelly's attack. The azure jelly hits you.
The rockslime hits you!!
* * * LOW HITPOINT WARNING * * *
You hold your ground!
The azure jelly hits you.
* * * LOW HITPOINT WARNING * * *
The azure jelly freezes you! You resist.
* * * LOW HITPOINT WARNING * * *
A demonic guardian appears!
You block the azure jelly's attack. x2
The azure jelly hits you but does no damage.
The azure jelly is engulfed in blazing flames.
The azure jelly hits you but does no damage. x4
The azure jelly closely misses you.
The azure jelly hits you but does no damage. x2
The azure jelly misses you.
You hit the rockslime but do no damage.
You headbutt the rockslime, but do no damage.
The rockslime is lightly wounded.
You hit the azure jelly. You burn the azure jelly.
You closely miss the azure jelly. You slash the azure jelly!
You burn the azure jelly. You slash the azure jelly! You burn the azure jelly.
You block the azure jelly's attack. The azure jelly hits you.
* * * LOW HITPOINT WARNING * * *
The azure jelly freezes you! You resist.
Your resistance to physical damage fades away.
You feel protected from cold.
* * * LOW HITPOINT WARNING * * *
The azure jelly completely misses you. You block the azure jelly's attack.
The azure jelly hits you but does no damage. x2
You block the azure jelly's attack. The azure jelly misses you.
The azure jelly is engulfed in freezing vapours.
The rockslime hits you but does no damage.
The azure jelly is engulfed in blazing flames.
The azure jelly hits you.
* * * LOW HITPOINT WARNING * * *
The azure jelly freezes you. You resist.
* * * LOW HITPOINT WARNING * * *
You block the azure jelly's attack. The azure jelly closely misses you.
The azure jelly hits you.
You die...

. .. ...###
###
......##.#
.......○☼###
........J@J##
........JJJ.#
.......§2J☼##
..........##
......#####
...### .. .


You could see 5 azure jellies, a rockslime (ally target) and a friendly balrug
(summoned).

Vanquished Creatures
  2 acid blobs (Slime:1)
  Kirke (D:12)
  Gastronok (D:12)
  2 rockslimes (Slime:2)
  3 azure jellies (Slime:3)
  The ghost of Tollund the Thaumaturge, a journeyman GnWr of Lugonu (Lair:4)
  6 formless jellyfish
  2 vault guards (D:13)
  A catoblepas (D:15)
  4 hydras
  2 centaur warriors (D:14)
  4 two-headed ogres
  A boulder beetle (Lair:5)
  Urug (Lair:1)
  Amaemon (Lair:1)
  2 swamp dragons (Lair:4)
  A wizard (D:13)
  3 harpies (D:15)
  4 lindwurms (Lair:2)
  A wolf spider zombie (D:15)
  An orc knight (D:13)
  19 ugly things
  2 orc sorcerers (D:15)
  4 cyclopes
  A necromancer (D:15)
  2 shining eyes
  2 manticores (D:15)
  2 black mambas
  A centaur zombie (D:15)
  14 elephants
  A torpor snail (Lair:3)
  A naga mage (D:15)
  3 gargoyles
  2 eyes of devastation
  12 cane toads
  An unseen horror (D:11)
  3 kobold demonologists
  An orange demon (Lair:1)
  An efreet (D:15)
  A yaktaur (D:13)
  2 rime drakes
  A centaur skeleton (D:15)
  16 komodo dragons
  3 trolls
  6 polar bears
  2 tyrant leeches (Lair:4)
  A harpy skeleton (D:15)
  8 hornets
  A blink frog (Lair:3)
  34 slime creatures
  8 dream sheep
  A shadow (D:10)
  14 spriggans (Lair:5)
  A wraith (D:15)
  5 wyverns
  53 yaks
  8 basilisks
  3 hogs (D:12)
  20 humans (D:13)
  3 steam dragons
  5 golden eyes (Slime:1)
  2 vampire mosquitoes (D:11)
  5 nagas (Lair:3)
  16 water moccasins
  8 swamp worms
  Duvessa (D:7)
  A swamp drake (Lair:4)
  Pargi (Sewer)
  An ice beast (D:8)
  2 sky beasts
  6 black bears
  5 orc warriors
  32 wolves
  5 centaurs
  8 boggarts
  A lemure (D:7)
  4 kobold brigands
  5 bullfrogs
  3 scorpions
  3 gnoll sergeants
  8 wights (D:7)
  Dowan (D:7)
  9 killer bees
  4 electric eels
  A howler monkey (D:9)
  5 hounds
  3 orc priests
  3 iguanas
  4 orc wizards
  15 gnolls
  4 adders
  2 white imps
  2 worms
  2 dart slugs
  27 orcs
  9 ball pythons
  4 bats
  10 endoplasms
  5 giant cockroaches
  9 goblins
  6 hobgoblins
  6 jackals (D:1)
  19 kobolds
  8 quokkas
  6 frilled lizards
  4 rats
  A butterfly (Lair:2)
598 creatures vanquished.

Vanquished Creatures (collateral kills)
  Jorgrun (D:12)
  2 formless jellyfish
  Josephine (D:15)
  A boulder beetle (D:15)
  Pikel (D:7)
  A wizard (D:15)
  An ugly thing (D:15)
  A naga mage (D:15)
  Maggie (D:7)
  4 slime creatures
  2 wraiths (D:15)
  A human (D:13)
  A water moccasin (D:5)
  An ice beast (D:7)
  A wolf (Lair:2)
  A phantom (D:5)
  An electric eel (D:14)
  An orc priest (D:3)
  Ijyb (D:4)
  Terence (D:3)
  An orc (D:3)
  3 giant cockroaches (D:4)
  2 quokkas (D:4)
  A ball python (D:4)
  A bat (D:1)
33 creatures vanquished.

Vanquished Creatures (others)
  An orc wizard (D:8)
1 creature vanquished.

Grand Total: 632 creatures vanquished

Notes
Turn   | Place    | Note
-------+----------+-------------------------------------------
     0 | D:1      | innerfire43 the Demonspawn Monk began the quest for the
                  | Orb.
     0 | D:1      | Reached XP level 1. HP: 18/18 MP: 1/1
    53 | D:1      | Gained mutation: A weak demonic guardian rushes to your
                  | aid. [demonic ancestry]
    53 | D:1      | Reached XP level 2. HP: 24/24 MP: 2/2
    63 | D:1      | You fall into a shaft and drop 1 floor!
   151 | D:2      | Reached XP level 3. HP: 7/29 MP: 3/3
  1199 | D:2      | Gained mutation: A demonic guardian rushes to your aid.
                  | [demonic ancestry]
  1199 | D:2      | Reached XP level 4. HP: 18/35 MP: 4/4
  1578 | D:3      | Noticed Terence
  1585 | D:3      | Killed Terence
  1586 | D:3      | Reached XP level 5. HP: 12/41 MP: 5/5
  2516 | D:4      | Found Junwutirr's Armour Shoppe.
  2588 | D:4      | Noticed Ijyb
  2593 | D:4      | Killed Ijyb
  2594 | D:4      | Reached skill level 5 in Axes
  2692 | D:4      | Found a glowing drain.
  2702 | Sewer    | Entered a sewer
  2738 | Sewer    | Noticed Pargi
  2747 | Sewer    | Killed Pargi
  2748 | Sewer    | Reached XP level 6. HP: 9/47 MP: 6/6
  3317 | D:4      | Gained mutation: A meltable shield of frost defends you.
                  | (SH +4) [demonic ancestry]
  3317 | D:4      | Reached XP level 7. HP: 40/52 MP: 7/7
  3555 | D:5      | Entered Level 5 of the Dungeon
  3643 | D:5      | Reached skill level 5 in Dodging
  4113 | D:5      | Found Ucuimn's Serpentskin Sales.
  4128 | D:5      | Gained mutation: You are partially covered in large bone
                  | plates. (SH +4) [demonic ancestry]
  4128 | D:5      | Reached XP level 8. HP: 4/58 MP: 8/8
  4332 | D:6      | Identified the +1 long sword "Demon's Foe" {pain, *Slow
                  | rPois Str-4 Int+5}
  4757 | D:7      | Found a staircase to the Ecumenical Temple.
  4763 | D:7      | Noticed Dowan
  4763 | D:7      | Noticed Duvessa
  4779 | D:7      | Killed Duvessa
  4785 | D:7      | Killed Dowan
  4792 | D:7      | Identified a scroll of acquirement
  4792 | D:7      | Acquired the +0 kite shield "Deaxafynt" {rCorr Dex+2}
  4968 | D:7      | Noticed Maggie
  4984 | D:7      | Killed Maggie
  5014 | D:7      | Gained mutation: You have a pair of small horns on your
                  | head. [demonic ancestry]
  5014 | D:7      | Reached XP level 9. HP: 5/63 MP: 9/9
  5042 | Temple   | Entered the Ecumenical Temple
  5059 | Temple   | Became a worshipper of Qazlal Stormbringer
  5059 | Temple   | Reached * piety under Qazlal
  5059 | Temple   | Reached ** piety under Qazlal
  5215 | D:7      | Noticed Pikel
  5230 | D:7      | Killed Pikel
  5350 | D:7      | Found Jeemya's Assorted Antiques.
  5361 | D:7      | Bought a glowing broad axe for 217 gold pieces
  5656 | D:7      | Reached skill level 5 in Shields
  5662 | D:7      | Reached skill level 10 in Axes
  5951 | D:8      | Gained mutation: A meltable icy envelope protects you from
                  | harm. (AC +8) [demonic ancestry]
  5951 | D:8      | Reached XP level 10. HP: 66/70 MP: 10/10
  6362 | D:9      | Found a sparkling altar of Nemelex Xobeh.
  6362 | D:9      | Found a sacrificial altar of Ru.
  6362 | D:9      | Found an ancient bone altar of Kikubaaqudgha.
  6374 | D:9      | Paralysed by a hornet for 1 turns
  6382 | D:9      | Paralysed by a hornet for 1 turns
  6383 | D:9      | Reached *** piety under Qazlal
  6418 | D:9      | Found a basalt altar of Yredelemnul.
  6419 | D:9      | Found a hide-covered altar of Uskayaw.
  6449 | D:9      | Found a staircase to the Lair.
  6624 | D:9      | Found a staircase to the Orcish Mines.
  6814 | D:9      | Found Luocluk's Distillery.
  7036 | D:10     | Entered Level 10 of the Dungeon
  7084 | D:10     | Noticed a two-headed ogre
  7090 | D:10     | Killed a two-headed ogre
  7133 | D:10     | Identified the +1 rapier of Havoc {holy, rPois rF- Dex+6
                  | Stlth+}
  7467 | D:10     | Learned a level 2 spell: Wereblood
  7668 | D:11     | Noticed a two-headed ogre
  7673 | D:11     | Noticed a two-headed ogre
  7676 | D:11     | Reached skill level 1 in Spellcasting
  7676 | D:11     | Reached XP level 11. HP: 59/75 MP: 10/12
  7677 | D:11     | Reached skill level 1 in Transmutations
  7680 | D:11     | Killed a two-headed ogre
  7684 | D:11     | Killed a two-headed ogre
  7842 | D:11     | Reached **** piety under Qazlal
  7976 | D:11     | Acquired a scarf of resistance
  8195 | D:12     | Noticed Kirke
  8209 | D:12     | Killed Kirke
  8315 | D:12     | Noticed Gastronok
  8325 | D:12     | Killed Gastronok
  8375 | D:12     | Reached skill level 5 in Fighting
  8393 | D:12     | Noticed a two-headed ogre
  8398 | D:12     | Killed a two-headed ogre
  8497 | D:12     | Noticed Jorgrun
  8517 | D:12     | Killed Jorgrun
  8518 | D:12     | Reached skill level 5 in Spellcasting
  8518 | D:12     | Reached skill level 5 in Transmutations
  8518 | D:12     | Reached XP level 12. HP: 42/86 MP: 19/19
  8826 | D:13     | Reached skill level 1 in Armour
  8889 | D:13     | Got the Treatise on Lightning
  9189 | D:13     | Reached skill level 10 in Shields
  9214 | D:13     | Found a gate to the Vaults.
  9215 | D:13     | Noticed a vault guard
  9215 | D:13     | Noticed a vault guard
  9223 | D:13     | Reached ***** piety under Qazlal
  9233 | D:13     | Killed a vault guard
  9235 | D:13     | Killed a vault guard
  9721 | D:14     | Noticed a centaur warrior
  9723 | D:14     | Noticed a boulder beetle
 10234 | D:14     | Noticed a centaur warrior
 10245 | D:14     | Killed a centaur warrior
 10246 | D:14     | Reached skill level 5 in Armour
 10272 | D:14     | Noticed a centaur warrior
 10279 | D:14     | Killed a centaur warrior
 10280 | D:14     | Gained mutation: A powerful demonic guardian rushes to your
                  | aid. [demonic ancestry]
 10280 | D:14     | Reached XP level 13. HP: 90/95 MP: 18/20
 11045 | D:15     | Entered Level 15 of the Dungeon
 11108 | D:15     | Found a portal to a secret trove of treasure.
 11153 | D:15     | Identified the +8 chain mail of the Onion {rF+ rC+ rCorr
                  | Str+2}
 11356 | D:15     | Paralysed by an orc sorcerer for 3 turns
 11386 | D:15     | Reached skill level 10 in Dodging
 11459 | D:15     | Found a staircase to the Depths.
 11701 | D:15     | Found a sacrificial altar of Ru.
 11736 | D:15     | Noticed Josephine
 11746 | D:15     | Killed Josephine
 13649 | Lair:1   | Entered Level 1 of the Lair of Beasts
 13677 | Lair:1   | Noticed Amaemon
 13695 | Lair:1   | Killed Amaemon
 13743 | Lair:1   | Gained mutation: A meltable icy envelope protects you from
                  | harm. (AC +8) [demonic ancestry]
 13743 | Lair:1   | Reached XP level 14. HP: 93/106 MP: 18/21
 13820 | Lair:1   | Noticed Urug
 13832 | Lair:1   | Killed Urug
 14378 | Lair:1   | You are sucked into a shaft and drop 1 floor!
 14468 | Lair:2   | Reached ****** piety under Qazlal
 14941 | Lair:2   | Got the Papyrus of Correspondence and Creation
 15668 | Lair:2   | Found a staircase to the Swamp.
 15934 | Lair:3   | Found a staircase to the Snake Pit.
 16760 | Lair:4   | Noticed Tollund's ghost (journeyman GnWr)
 16763 | Lair:4   | Found a runed translucent door.
 16773 | Lair:4   | Found a staircase to the Slime Pits.
 16926 | Lair:4   | Killed Tollund's ghost
 17062 | Lair:4   | Identified the +11 dire flail "Kyxtixt" {flame, rElec rPois
                  | rF+ Int-4}
 17551 | Lair:5   | Entered Level 5 of the Lair of Beasts
 17575 | Lair:5   | Gained mutation: You are mostly covered in large bone
                  | plates. (SH +6) [demonic ancestry]
 17575 | Lair:5   | Reached XP level 15. HP: 113/113 MP: 24/26
 18826 | Slime:1  | Entered Level 1 of the Pits of Slime
 18839 | Slime:1  | Reached skill level 1 in Shapeshifting
 18842 | Slime:1  | Noticed an acid blob
 18844 | Slime:1  | Gained mutation: You are weak. (Str -2) [a shining eye]
 18847 | Slime:1  | Gained mutation: You occasionally shout uncontrollably at
                  | your foes. [a shining eye]
 18849 | Slime:1  | Gained mutation: Your spells are a little easier to cast,
                  | but a little less powerful. [a shining eye]
 18850 | Slime:1  | Killed an acid blob
 18850 | Slime:1  | Gained mutation: Potions are less effective at restoring
                  | your health. [a shining eye]
 18859 | Slime:1  | Noticed an acid blob
 18859 | Slime:1  | Paralysed by a formless jellyfish for 1 turns
 18867 | Slime:1  | Killed an acid blob
 19263 | Slime:2  | Noticed a rockslime
 19268 | Slime:2  | Noticed a rockslime
 19275 | Slime:2  | Gained mutation: You are clumsy. (Dex -2) [a shining eye]
 19285 | Slime:2  | Reached skill level 10 in Fighting
 19286 | Slime:2  | Killed a rockslime
 19531 | Slime:2  | Killed a rockslime
 19926 | Slime:3  | Noticed an azure jelly
 19933 | Slime:3  | Killed an azure jelly
 20184 | Slime:4  | Noticed an azure jelly
 20184 | Slime:4  | Noticed an azure jelly
 20184 | Slime:4  | Noticed an azure jelly
 20184 | Slime:4  | Noticed an azure jelly
 20184 | Slime:4  | Noticed an azure jelly
 20184 | Slime:4  | Noticed an azure jelly
 20184 | Slime:4  | Noticed an azure jelly
 20187 | Slime:4  | Noticed a rockslime
 20198 | Slime:3  | Killed an azure jelly
 20208 | Slime:3  | Killed an azure jelly
 20431 | Slime:4  | HP: 5/117 [azure jelly (2)]
 20431 | Slime:4  | Slain by an azure jelly

Illustrated notes

Levels and vault maps discovered:
D:1:      dpeg_arrival_castle, layout_basic, serial_forest,
          infiniplex_forest_straight_2, infiniplex_forest_straight_3,
          infiniplex_forest_clump_double, infiniplex_forest_lined_1,
          infiniplex_forest_clump_small, infiniplex_forest_straight_2,
          infiniplex_forest_lined_3_way
D:2:      layout_rooms
D:3:      layout_basic, general_overflow_altar, uniq_terence
D:4:      minmay_chambers_of_fours, layout_loops_ring, gup_sewer_entry_pipe,
          serial_shops, shop, uniq_ijyb
D:5:      layout_basic, guppyfry_shop_venom
D:6:      layout_rooms
D:7:      layout_rooms, minmay_temple_entry_hall, serial_shops,
          nicolae_shop_overgrown_old_shop, uniq_pikel, uniq_maggie, uniq_duvessa
D:8:      layout_cave_pools
D:9:      layout_basic, grunt_temple_overflow_open, lair_entry_dummy,
          serial_shops, shop
D:10:     layout_rooms
D:11:     layout_rooms, hangedman_abyss_or_decor_slice
D:12:     layout_rooms, nicolae_twisting_strands, uniq_kirke, uniq_jorgrun,
          uniq_gastronok
D:13:     layout_small_grid, grunt_vaults_entry_tiered
D:14:     layout_basic
D:15:     grunt_enter_depths_magical_seal, layout_loops_corners,
          lemuel_round_altar, nicolae_trove_entry_diagonal,
          argonaut_gorgonesque, uniq_josephine
Temple:   nicolae_temple_elliptical
Lair:1:   layout_cave_pods, gauntlet_entry_generic, uniq_urug, uniq_amaemon
Lair:2:   layout_cave_pods, palyth_hydra_swamp_entry, minmay_lindwurm_lava,
          lemuel_fruit_fields, serial_bayou_shore_b, infiniplex_staircase_pool
Lair:3:   layout_regular_city, minmay_snake_entry_guardpost_large,
          beast_lair_carwin_11, grunt_megastairs_5
Lair:4:   onia_ninara_swampy_vault, layout_long_grid, slime_entry_1,
          hellmonk_ghost_happy_afterlife
Lair:5:   minmay_lair_end_enchanted_forest, layout_gridlike
Slime:1:  layout_caves
Slime:2:  layout_caves
Slime:3:  layout_caves
Slime:4:  layout_caves, nicolae_slime_welcoming_committee

Skill      XL: |  1  2  3  4  5  6  7  8  9 10 11 12 13 14 15 |
---------------+----------------------------------------------+-----
Axes           | 3 4 5 6 7 9 10 11 12 | 12.0
Dodging        | 3 4 5 6 7 8 9 11 | 11.1
Shields        | 6 8 9 10 11 12 | 12.1
Spellcasting   | 1 5 7 9 |  9.4
Transmutations | 5 7 8 |  8.0
Fighting       | 5 6 8 9 10 | 10.7
Armour         | 5 8 9 |  9.1
Shapeshifting  | 3 |  3.8

Action                     |  1- 3 |  4- 6 |  7- 9 | 10-12 | 13-15 || total
---------------------------+-------+-------+-------+-------+-------++-------
  Melee: Hand axe          |   110 |    34 |       |       |       ||   144
         War axe           |       |    95 |   189 |       |       ||   284
         Broad axe         |       |       |    40 |   401 |   893 ||  1334
         Headbutt          |       |       |    19 |    89 |   277 ||   385
  Throw: Javelin           |     3 |     2 |       |       |       ||     5
   Cast: Wereblood         |       |       |       |     6 |    29 ||    35
    Use: Potion            |     1 |       |     4 |     1 |     2 ||     8
         Scroll            |       |     2 |     9 |    15 |     9 ||    35
   Stab: Distracted        |       |       |     1 |     2 |       ||     3
 Armour: Robe              |    24 |    23 |       |       |       ||    47
         Troll leather arm |       |    27 |    24 |    88 |    40 ||   179
         Skin              |       |       |     9 |       |       ||     9
         Chain mail        |       |       |       |       |   312 ||   312
  Dodge: Dodged            |   111 |   104 |   143 |   181 |   303 ||   842
         Repelled          |       |       |       |     3 |    10 ||    13
  Block: Orb               |       |       |    53 |       |       ||    53
         Kite shield       |       |       |    75 |   502 |  1361 ||  1938

Table legend: (Time is in decaauts)
 A = Elapsed time spent in this place.
 B = Non-inter-level travel time spent in this place.
 C = Inter-level travel time spent in this place.
 D = Time resting spent in this place.
 E = Time spent auto-exploring this place.
 F = Levels seen in this place.
 G = Mean time per level.
                   A        B        C        D        E       F      G
               +--------+--------+--------+--------+--------+-----+--------+
         Total |  20736 |  18113 |   2623 |      0 |  13983 |  26 |  797.5 |
       Dungeon |  13423 |  11370 |   2053 |      0 |   8844 |  15 |  894.9 |
        Temple |    165 |    134 |     31 |      0 |    132 |   1 |  165.0 |
          Lair |   5254 |   4811 |    443 |      0 |   3580 |   5 | 1050.8 |
    Slime Pits |   1619 |   1523 |     96 |      0 |   1207 |   4 |  404.8 |
         Sewer |    273 |    273 |      0 |      0 |    220 |   1 |  273.0 |
               +--------+--------+--------+--------+--------+-----+--------+

Top non-repeatable levels by time:
    D:15: 2205 daAuts
  Lair:2: 1480 daAuts
    D:14: 1387 daAuts
  Lair:5: 1232 daAuts
     D:1: 1032 daAuts
     D:7: 1013 daAuts
     D:3: 993 daAuts
    D:13: 933 daAuts
  Lair:4: 930 daAuts
  Lair:3: 872 daAuts
     D:4: 833 daAuts
    D:12: 800 daAuts
    D:10: 778 daAuts
  Lair:1: 739 daAuts
     D:9: 737 daAuts
